 Dungeon Sprint DCSS version 0.21-a0-110-g8e1637b (webtiles) character file.

10 Kidiri the Sneak (level 2, -3/14 HPs)
             Began as a Spriggan Enchanter on July 8, 2017.
             Slain by Menkaure (14 damage)
             ... in the Dungeon (Sprint II: "The Violet Keep of Menkaure").
             The game lasted 00:00:31 (71 turns).

Kidiri the Sneak (Spriggan Enchanter)                 Turns: 71, Time: 00:00:32

Health: -3/14      AC:  2    Str:  4    XL:     2   Next: 10%
Magic:  7/7        EV: 19    Int: 16    God:
Gold:   243        SH:  0    Dex: 16    Spells: 4/7 levels left

rFire    . . .     SeeInvis +   a - +1 dagger
rCold    . . .     Gourm    .   (shield restricted)
rNeg     . . .     Faith    .   b - +0 robe
rPois    .         Spirit   .   (helmet restricted)
rElec    .         Reflect  .   (no cloak)
rCorr    .         Harm     .   (gloves unavailable)
MR       .....     NoTele   +   (boots unavailable)
Stlth    +++.......             (no amulet)
HPRegen  0.04/turn              (no ring)
MPRegen  0.10/turn              (no ring)

@: very quick
A: unfitting armour, see invisible, herbivore 3, speed 3, slow metabolism 2
a: no special abilities


You were in the Dungeon.
You were not hungry.

You visited 1 branch You collected 243 gold pieces.

Inventory:

Hand Weapons
 a - a +1 dagger (weapon)
Armour
 b - a +0 robe (worn)
Scrolls
 j - a scroll of blinking
Potions
 e - a potion of curing
 f - a potion of heal wounds
 g - a potion of haste
 h - 2 potions of magic
Books
 c - a book of Maledictions

   Spells                             Type                      Level
   a - Corona                         Hexes                        1
   b - Ensorcelled Hibernation        Hexes/Ice                    2
   c - Confuse                        Hexes                        3
   d - Tukima's Dance                 Hexes                        3
   e - Dazzling Spray                 Conjuration/Hexes            3
Comestibles
 d - a bread ration


   Skills:
 + Level 1.0 Fighting
 * Level 2.1 Short Blades
 + Level 0.4 Armour
 * Level 4.0 Dodging
 * Level 5.3 Stealth
 * Level 3.4 Spellcasting
 + Level 3.8 Hexes
 + Level 0.0 Ice Magic


You had 4 spell levels left.
You knew the following spells:

 Your Spells              Type           Power        Failure   Level  Hunger
a - Corona                Hex            ###....      3%          1    None
b - Ensorcelled Hibernat  Hex/Ice        #.....       12%         2    ##.....


Dungeon Overview and Level Annotations

Branches:
Dungeon (1/1)

Altars:

Shops:
D (?

Annotations:
D Menkaure


Innate Abilities, Weirdness & Mutations

You are very small and have problems with some larger weapons.
You are too small for most types of armour.
You have supernaturally acute eyesight. (SInv)
You are a herbivore.
You cover ground extremely quickly.
You need consume almost no food.


Message History

Menkaure shouts!
Found Mullap's Antique Weapon Shoppe and Wiesihou's Magic Scroll Emporium.
You hit Menkaure but do no damage. Menkaure closely misses you.
Unknown command.
There is an open door here.
You aren't carrying any items that you can evoke.
Unknown command.
As you close the door, it creaks loudly!
You start resting.
Menkaure, Prince of Dust opens the door.
There is an open door here.
You hit Menkaure.
Menkaure is lightly damaged.
The lava snake hisses angrily.
Menkaure misses you.
You hit Menkaure but do no damage.
Menkaure is lightly damaged.
Menkaure hits you!
Ouch! That really hurt!
You die...

+#### §§§≈§§§##
S§≈§§≈§##
§§≈§§§S§#
S≈§≈§§ # ≈S§≈
###≈≈#+++#+++##
##≈≈≈...M.....#
∩#≈≈≈≈.##@##..#
.#≈≈≈≈###..##
∩#≈≈≈≈#.##..#
.#≈≈# ##.#.##
.#≈# ##%## .#≈
##.## .+ +.<.+
##.## #+#


You could see Menkaure and 3 lava snakes.

Vanquished Creatures
  3 worms (D)
3 creatures vanquished.

Notes
Turn   | Place    | Note
-------+----------+-------------------------------------------
     0 | D        | Kidiri the Spriggan Enchanter began the quest for the Orb.
     0 | D        | Reached XP level 1. HP: 9/9 MP: 5/5
    12 | D        | Reached skill level 5 in Stealth
    16 | D        | Reached skill level 1 in Fighting
    16 | D        | Reached XP level 2. HP: 13/14 MP: 7/7
    59 | D        | Learned a level 2 spell: Ensorcelled Hibernation
    59 | D        | Noticed a lava snake
    59 | D        | Noticed a lava snake
    61 | D        | Noticed a lava snake
    61 | D        | Noticed Menkaure
    62 | D        | Found Mullap's Antique Weapon Shoppe.
    62 | D        | Found Wiesihou's Magic Scroll Emporium.
    71 | D        | Noticed a lava snake
    71 | D        | Slain by Menkaure

Vault maps used:
D:        the_violet_keep_of_menkaure

Skill      XL: |  1 |
---------------+----+-----
Stealth        | 5 |  5.3
Spellcasting   | 3 |  3.4
Fighting       | 1 |  1.0
Short Blades   | 2 |  2.1
Dodging        | 4 |  4.0
Armour         | |  0.4
Hexes          | |  3.8

Action                   || total
-------------------------++-------
Melee: Dagger            ||    13
  Use: Potion            ||     1
Armor: Robe              ||     1
Dodge: Dodged            ||     2
